 Dungeon Crawl Stone Soup version 0.30-a0-6-g7c9e10e132 (webtiles) character file.

Game seed: 520346892063597715

70 SensoryNuts the Trooper (level 4, -2/41 HPs)
             Began as a Hill Orc Fighter on Aug 22, 2022.
             Slain by a gnoll
             ... wielding a +0 flail
              (5 damage)
             ... on level 2 of the Dungeon.
             The game lasted 00:00:53 (1363 turns).

SensoryNuts the Trooper (Hill Orc Fighter)          Turns: 1363, Time: 00:00:53

Health: -2/41      AC:  7    Str: 20    XL:     4   Next: 21%
Magic:  4/4        EV:  9    Int:  8    God:
Gold:   80         SH:  4    Dex: 10    Spells: 3/3 levels left

rFire   . . .      SeeInvis .    a - +0 war axe
rCold   . . .      Faith    .    c - +0 buckler
rNeg    . . .      Spirit   .    b - +0 scale mail
rPois   .          Reflect  .    (no helmet)
rElec   .          Harm     .    (no cloak)
rCorr   .          Rampage  .    (no gloves)
Will    .....                    (no boots)
Stlth   ..........               (no amulet)
HPRegen 0.13/turn                (no ring)
MPRegen 0.09/turn                (no ring)

@: no status effects
A: no striking features
a: no special abilities


You were on level 2 of the Dungeon.
You visited 1 branch of the dungeon, and saw 2 of its levels.

You collected 80 gold pieces.

Inventory:

Hand Weapons
 a - a +0 war axe (weapon)
Armour
 b - a +0 scale mail (worn)
 c - a +0 buckler (worn)
Jewellery
 i - a ring of resist corrosion
Scrolls
 e - 2 scrolls of identify {unknown}
 f - a scroll of summoning {unknown}
 g - a scroll of fear {unknown}
Potions
 d - 2 potions of might
 h - a potion of mutation {unknown}
 j - a potion of heal wounds {unknown}


   Skills:
 + Level 4.5 Fighting
 + Level 3.9 Axes
 + Level 3.8 Armour
 + Level 3.6 Shields


You had 3 spell levels left.
You didn't know any spells.
Your spell library was empty.

Dungeon Overview and Level Annotations

Branches:
Dungeon (2/15)

Altars:


Message History

You kill the gnoll!
You block the gnoll's attack.
You have reached level 4!
The gnoll barely misses you. The gnoll closely misses you.
You slash the gnoll!
The gnoll is heavily wounded.
The gnoll misses you.
You hit the gnoll.
The gnoll is severely wounded.
The gnoll barely misses you. x2
You barely miss the gnoll.
The gnoll is severely wounded.
The gnoll barely misses you.
You hit the gnoll but do no damage.
The gnoll is severely wounded.
You block the gnoll's attack.
You barely miss the gnoll.
The gnoll is severely wounded.
The gnoll hits you with a +0 halberd! The gnoll barely misses you.
You barely miss the gnoll.
The gnoll is severely wounded.
The gnoll barely misses you.
You slash the gnoll!
You kill the gnoll!
You hit the gnoll.
The gnoll is moderately wounded.
The gnoll closely misses you. The gnoll hits you with a +0 flail!
* * * LOW HITPOINT WARNING * * *
You barely miss the gnoll.
The gnoll is moderately wounded.
The gnoll hits you with a +0 flail.
* * * LOW HITPOINT WARNING * * *
You hit the gnoll.
The gnoll is heavily wounded.
The gnoll barely misses you.
You barely miss the gnoll.
The gnoll is heavily wounded.
The gnoll hits you with a +0 flail.
You die...

#.#.#
#............#†########
#.#.#
#.############.#.....<.
#.#.# #.# #.#.######
##.#.# #.# #.#.#####
.....# #.# #.......#
####.# #.# ###.###.#
####.# #.# #.# #.#
..##.# #.######### #.#
#.# #.##.# #.....@g.)#
#.# #.# #.##.#
#########)...# #.###.##
..##.. .....##)......
..#### ......#####.##
.).... ......# #.#
.....# ......# #.#
...#.# #.# .....## #.#
#..#.# #.# ...(## #.#
#.#.# #.# #.#


You could see a gnoll.

Vanquished Creatures
  An adder (D:2)
  3 gnolls (D:2)
  A worm (D:2)
  3 ball pythons (D:1)
  3 endoplasms
  2 giant cockroaches
  4 jackals (D:2)
  A quokka (D:2)
  3 bats (D:1)
  2 frilled lizards (D:1)
  3 kobolds (D:1)
  2 rats (D:1)
  A spectral goblin (D:1)
29 creatures vanquished.

Notes
Turn   | Place    | Note
-------+----------+-------------------------------------------
     0 | D:1      | SensoryNuts the Hill Orc Fighter began the quest for the
                  | Orb.
     0 | D:1      | Reached XP level 1. HP: 19/19 MP: 1/1
   257 | D:1      | Reached XP level 2. HP: 27/27 MP: 2/2
   385 | D:1      | Found a faded altar of an unknown god.
   627 | D:1      | You fall into a shaft and drop 1 floor!
   747 | D:2      | Reached XP level 3. HP: 28/33 MP: 3/3
  1301 | D:2      | Reached skill level 4 in Fighting
  1347 | D:2      | Reached XP level 4. HP: 22/41 MP: 4/4
  1361 | D:2      | HP: 2/41 [gnoll/+0 flail (4)]
  1363 | D:2      | Slain by a gnoll

Illustrated notes

Levels and vault maps discovered:
D:1:      dpeg_arrival_another_circle, layout_basic,
          dreamdust_ecumenical_altar_drowned_temple
D:2:      layout_loops_ring, minmay_liquid_box

Skill      XL: |  1  2  3 |
---------------+----------+-----
Axes           | 3 |  3.9
Fighting       | 4 |  4.5
Armour         | |  3.8
Shields        | |  3.6

Action                   |  1- 3 |  4- 6 || total
-------------------------+-------+-------++-------
Melee: War axe           |    83 |    11 ||    94
Armor: Scale mail        |    47 |       ||    47
Dodge: Dodged            |    50 |    10 ||    60
Block: Buckler           |    18 |     1 ||    19

Table legend: (Time is in decaauts)
 A = Elapsed time spent in this place.
 B = Non-inter-level travel time spent in this place.
 C = Inter-level travel time spent in this place.
 D = Time resting spent in this place.
 E = Time spent auto-exploring this place.
 F = Levels seen in this place.
 G = Mean time per level.
                   A        B        C        D        E       F      G
               +--------+--------+--------+--------+--------+-----+--------+
         Total |   1407 |   1389 |     18 |      0 |   1155 |   2 |  703.5 |
       Dungeon |   1407 |   1389 |     18 |      0 |   1155 |   2 |  703.5 |
               +--------+--------+--------+--------+--------+-----+--------+

Top non-repeatable levels by time:
     D:1: 1070 daAuts
     D:2: 336 daAuts
